 Dungeon Crawl Stone Soup version 0.25-a0-857-g60a0bcd8b5 (webtiles) character file.

Game seed: 7742570193037654995, levelgen mode: deterministic

15134 sanka the Frost Mage (level 12, -9/100 HPs)
             Began as a Barachi Ice Elementalist on Apr 26, 2020.
             Was a High Priest of Vehumet.
             Hit by a javelin thrown by a minotaur (27 damage)
             ... in a Gauntlet.
             The game lasted 00:41:15 (12975 turns).

sanka the Frost Mage (Barachi Ice Elementalist)    Turns: 12975, Time: 00:41:16

Health: -9/100     AC:  9    Str: 11    XL:     12   Next: 23%
Magic:  14/24      EV: 22    Int: 19    God:    Vehumet [*****.]
Gold:   196        SH:  0    Dex: 13    Spells: 8/27 levels left

rFire    . . .     SeeInvis .   T - +0 halberd (venom)
rCold    . . .     Gourm    .   (shield currently unavailable)
rNeg     . . .     Faith    +   I - +0 troll leather armour
rPois    .         Spirit   .   q - +2 helmet
rElec    .         Reflect  .   (no cloak)
rCorr    .         Harm     .   H - +0 pair of gloves
MR       .....     NoTele   +   L - +0 pair of boots
Stlth    ++........             J - amulet of faith
HPRegen  0.66/turn              r - +4 ring of evasion
MPRegen  0.19/turn              F - ring of wizardry

@: lethally poisoned (-9 -> -10), studying Shields, slow
A: +LOS, swims, slowness 1, strong legs 1
a: Hop, Renounce Religion


You were in a Gauntlet.
You worshipped Vehumet.
Vehumet was extremely pleased with you.
You were not hungry.

You visited 2 branches of the dungeon, and saw 12 of its levels.
You also visited: Sewer and Gauntlet.

You collected 676 gold pieces.
You spent 480 gold pieces at shops.


Innate Abilities, Weirdness & Mutations

You can be seen from farther away. (+LOS)
You can swim through water.
You cover ground slowly.
You can hop short distances.


   Skills:
 + Level 11.6 Fighting
 + Level 11.0 Dodging
 - Level 1.7 Stealth
 - Level 8.0 Spellcasting
 - Level 6.0 Conjurations
 - Level 4.0 Summonings
 - Level 12.0 Ice Magic


You had 8 spell levels left.
You knew the following spells:

 Your Spells              Type           Power        Failure   Level  Hunger
a - Ozocubu's Armour      Chrm/Ice       ####....     1%          3    None
c - Sticky Flame          Conj/Fire      ###.....     4%          4    ###....
u - Hailstorm             Conj/Ice       #####...     1%          4    ###....
x - Summon Ice Beast      Ice/Summ       #####...     1%          4    ###....
y - Frozen Ramparts       Ice            ######       1%          3    None
z - Freeze                Ice            ####         1%          1    None

Your spell library contained the following spells:

 Spells                   Type           Power        Failure   Level  Hunger
 Lightning Bolt           Conj/Air       ###.......   11%         5    #####..
 Beastly Appendage        Tmut           #.....       4%          1    None
 Ice Form                 Ice/Tmut       ####....     4%          4    ###....
 Recall                   Summ/Tloc      N/A          6%          3    None
 Sticks to Snakes         Tmut           #.......     8%          2    None
 Spider Form              Tmut/Pois      #.........   14%         3    None
 Bolt of Magma            Conj/Fire/Erth ###.......   16%         5    #####..
 Animate Dead             Necr           N/A          41%         4    ###....
 Leda's Liquefaction      Hex/Erth       #.........   41%         4    ###....
 Iron Shot                Conj/Erth      ###.......   43%         6    ######.
 Simulacrum               Ice/Necr       ####......   50%         6    ######.
 Blade Hands              Tmut           #.........   75%         5    #####..
 Borgnjor's Vile Clutch   Necr/Erth      #.........   75%         5    #####..
 Death Channel            Necr           #.........   99%         6    ######.
 Statue Form              Tmut/Erth      #........    99%         6    ######.
 Shatter                  Erth           #.........   100%        9    #######

Inventory:

Hand Weapons
 i - a +0 flail
 x - a +0 whip of venom
 B - a +1 whip of pain
 T - a +0 halberd of venom (weapon)
Missiles
 j - 4 throwing nets {=f}
 l - 396 stones (quivered)
Armour
 q - a +2 helmet (worn)
 H - a +0 pair of gloves (worn)
 I - a +0 troll leather armour (worn)
 L - a +0 pair of boots (worn)
 P - the +0 hat of Geqedghe {rElec rPois Int+5 Dex-2}

   It affects your intelligence (+5).
   It affects your dexterity (-2).
   It insulates you from electricity.
   It protects you from poison.
 Q - the +0 helmet of the Greedy {-Cast rPois rF+ Int+7}

   It affects your intelligence (+7).
   It protects you from fire.
   It protects you from poison.
   It prevents spellcasting.
Magical Staves
 O - an uncursed staff of wizardry {!a}
Jewellery
 h - an uncursed ring of stealth
 r - a +4 ring of evasion (left hand)
 u - an uncursed ring of flight
 F - a ring of wizardry (right hand)
 J - an amulet of faith (around neck)
 N - an uncursed ring of ice
 R - an uncursed ring of resist corrosion
Wands
 y - a wand of paralysis (7)
 C - a wand of enslavement (20)
 K - a wand of digging (5)
 M - a wand of iceblast (6)
Scrolls
 a - 3 scrolls of fear
 d - a scroll of magic mapping
 f - 4 scrolls of remove curse
 p - 4 scrolls of fog
 s - a scroll of amnesia
 v - 6 scrolls of teleportation {@r4}
 z - a scroll of enchant weapon {unknown}
 E - a scroll of brand weapon
 U - a scroll of summoning {unknown}
Potions
 b - 8 potions of curing {unknown}
 e - a potion of mutation {unknown}
 g - a potion of degeneration {unknown}
 k - a potion of berserk rage {unknown}
 m - 3 potions of flight {unknown}
 n - a potion of lignification {unknown}
 o - a potion of resistance {unknown}
 t - a potion of haste {unknown}
 w - 6 potions of heal wounds {@q2}
 A - 4 potions of might {unknown}
 D - 2 potions of magic {unknown}
Books
 S - a manual of Shields
Comestibles
 c - 18 rations

Dungeon Overview and Level Annotations

Branches:
Dungeon (11/15)            Temple (1/1) D:6            Lair (0/6) D:10
    Orc (0/2) D:9           Sewer (visited)         Gauntlet (1/1)

Altars:
Ashenzari
Cheibriados
Dithmenos
Elyvilon
Fedhas
Gozag
Hepliaklqana
Kikubaaqudgha
Makhleb
Nemelex Xobeh
Okawaru
Qazlal
Ru
Sif Muna
Trog
Uskayaw
Vehumet
Wu Jian
Xom
Yredelemnul
Zin
The Shining One

Shops:
D:8 =   D:10 %

Annotations:
Gauntlet 6 transporters

▒ ▒▒ ▒. ∩▒ .▒ .▒
▒ . .▒ ▒. ▒. .▒
▒.▒▒.▒▒▒H▒.▒▒.▒▒
▒....YFY........
▒▒▒.▒▒.▒▒.▒▒.▒▒.
▒▒▒.▒▒.▒▒.▒▒.▒
▒..............
▒▒.▒▒.▒▒.▒▒.▒▒.
▒▒.▒▒.▒▒.▒▒.▒▒.
▒..............
▒..............
▒▒▒▒▒......▒▒▒▒


You could see a minotaur and 2 friendly ice beasts.


Message History

The floor.
A chill wind blows around you.
The minotaur hits you with an uncursed staff of poison!
The minotaur envenoms you!
You are poisoned.
The minotaur misses you.
The minotaur hits you with an uncursed staff of poison.
The minotaur envenoms you!
You are more poisoned.
The minotaur gores you!
* * * LOW HITPOINT WARNING * * *
Unknown command.
A film of ice covers your body!
You feel sick.
Unknown command.
Unknown command.
A chill wind blows around you.
The minotaur hits you with an uncursed staff of poison!!
* * * LOW HITPOINT WARNING * * *
The minotaur envenoms you!
* * * LOW HITPOINT WARNING * * *
You are more poisoned.
The minotaur gores you.
* * * LOW HITPOINT WARNING * * *
Unknown command.
Your icy armour cracks and falls away as you move.
The minotaur throws a javelin.
The javelin pierces through your ice beast!!
The javelin pierces through you!!
You die...

Action                   |  1- 3 |  4- 6 |  7- 9 | 10-12 || total
-------------------------+-------+-------+-------+-------++-------
Melee: Unarmed           |    40 |       |       |       ||    40
       Flail             |       |    68 |    92 |       ||   160
       Whip              |       |       |     7 |     8 ||    15
       Halberd           |       |       |    57 |   205 ||   262
Throw: Stone             |       |     1 |       |     2 ||     3
 Cast: Freeze            |    22 |    82 |   143 |    99 ||   346
       Frozen Ramparts   |     2 |     6 |    27 |    42 ||    77
       Ozocubu's Armour  |       |     3 |    24 |    36 ||    63
       Summon Ice Beast  |       |       |    12 |    24 ||    36
       Hailstorm         |       |       |       |     2 ||     2
Evoke: Wand              |       |       |       |     1 ||     1
  Use: Scroll            |       |       |       |    11 ||    11
       Potion            |       |       |       |     1 ||     1
 Stab: Sleeping          |       |     6 |     5 |     3 ||    14
       Distracted        |       |       |     1 |       ||     1
  Eat: Chunk             |       |    11 |    23 |    17 ||    51
       Ration            |       |       |       |     1 ||     1
Armor: Robe              |    22 |    28 |    82 |       ||   132
       Troll leather arm |       |       |    21 |   104 ||   125
Dodge: Dodged            |    66 |    85 |   198 |   364 ||   713

Levels and vault maps discovered:
D:1:      lightli_molten_gateway, layout_basic
D:2:      wad_crossroads, layout_loops_ring,
          nicolae_dithmenos_through_a_glass_darkly, uniq_terence
D:3:      layout_loops_ring, uniq_robin
D:4:      layout_basic, gammafunk_ghost_gnarly_gnolls, first_ration
D:5:      layout_rooms
D:6:      layout_basic, chequers_temple_overflow_statue_of_worship,
          minmay_temple_entry_purple_smoke, portal_sewer_entry_e
D:7:      layout_gridville
D:8:      layout_basic, lemuel_coloured_pillars_altar, okawaru_humans,
          serial_shops, kennysheep_little_box
D:9:      layout_loops_corners, david_orc_2, ebering_ghost_reflecting_pool,
          uniq_joseph
D:10:     layout_basic, erik_lair_dragon, serial_shops, shop
D:11:     layout_rooms, basic_altar, gauntlet_entry_generic, grunt_livestock,
          uniq_erica
Temple:   regret_index_temple_mists
Gauntlet: minmay_gauntlet_mixed_big_or_small [nicolae_gauntlet_arena_t_cross,
          minmay_gauntlet_arena_77_p_blocks, gammafunk_gauntlet_arena_crates,
          minmay_gauntlet_arena_77_mess, gammafunk_gauntlet_arena_arrow_garden,
          minmay_gauntlet_arena_77_chump_sandwich, gauntlet_exit_green]

Notes
Turn   | Place    | Note
-------+----------+-------------------------------------------
     0 | D:1      | sanka the Barachi Ice Elementalist began the quest for the
                  | Orb.
     0 | D:1      | Reached XP level 1. HP: 13/13 MP: 3/3
   239 | D:1      | Reached XP level 2. HP: 18/19 MP: 0/5
   286 | D:1      | Reached skill level 3 in Spellcasting
   866 | D:2      | Reached XP level 3. HP: 18/24 MP: 4/8
   871 | D:2      | Learned a level 3 spell: Frozen Ramparts
   875 | D:2      | Learned a level 3 spell: Ozocubu's Armour
   948 | D:2      | Reached skill level 5 in Ice Magic
  1091 | D:2      | Reached skill level 4 in Spellcasting
  1091 | D:2      | Reached XP level 4. HP: 18/30 MP: 1/10
  1420 | D:2      | Learned a level 4 spell: Summon Ice Beast
  1445 | D:2      | Reached skill level 1 in Summonings
  1452 | D:2      | Reached skill level 6 in Ice Magic
  1452 | D:2      | Reached XP level 5. HP: 31/35 MP: 1/11
  1593 | D:2      | Reached skill level 2 in Summonings
  1794 | D:2      | Reached skill level 3 in Summonings
  2085 | D:2      | Reached XP level 6. HP: 41/41 MP: 8/12
  2626 | D:2      | Found a shadowy altar of Dithmenos.
  2683 | D:2      | Noticed Terence
  2689 | D:2      | Killed Terence
  2966 | D:3      | Reached skill level 4 in Summonings
  3156 | D:3      | Noticed Robin
  3185 | D:3      | Killed Robin
  3898 | D:4      | Noticed kae's ghost (amateur TeAE)
  3907 | D:4      | Reached skill level 7 in Ice Magic
  3963 | D:4      | Found a transporter.
  3963 | D:4      | Found a transporter.
  3966 | D:4      | Reached XP level 7. HP: 44/46 MP: 9/14
  4255 | D:4      | Reached skill level 5 in Spellcasting
  4840 | D:5      | Entered Level 5 of the Dungeon
  4927 | D:5      | Learned a level 4 spell: Hailstorm
  5039 | D:5      | Reached skill level 8 in Ice Magic
  5581 | D:5      | Reached skill level 6 in Spellcasting
  5581 | D:5      | Reached XP level 8. HP: 42/52 MP: 3/17
  5726 | D:5      | Reached skill level 9 in Ice Magic
  5927 | D:6      | Found a staircase to the Ecumenical Temple.
  5936 | Temple   | Entered the Ecumenical Temple
  6058 | Temple   | Became a worshipper of Vehumet
  6211 | D:6      | Found a basalt altar of Yredelemnul.
  6212 | D:6      | Found an ornate altar of the Wu Jian Council.
  6370 | D:6      | Found a glowing drain.
  6425 | Sewer    | Entered a sewer
  6478 | Sewer    | Reached * piety under Vehumet
  6478 | Sewer    | Offered knowledge of Magic Dart by Vehumet.
  6676 | Sewer    | Reached ** piety under Vehumet
  6698 | Sewer    | Offered knowledge of Shock by Vehumet.
  7072 | D:6      | Reached skill level 1 in Fighting
  7072 | D:6      | Reached skill level 1 in Conjurations
  7638 | D:7      | Reached skill level 3 in Dodging
  7667 | D:7      | Reached skill level 10 in Ice Magic
  7744 | D:7      | Reached skill level 2 in Fighting
  7766 | D:7      | Reached skill level 2 in Conjurations
  8014 | D:7      | Reached XP level 9. HP: 31/62 MP: 12/18
  8411 | D:7      | Reached skill level 3 in Fighting
  8411 | D:7      | Reached skill level 4 in Dodging
  8491 | D:7      | Offered knowledge of Stone Arrow by Vehumet.
  8493 | D:7      | Reached skill level 4 in Fighting
  8533 | D:7      | Noticed a troll
  8538 | D:7      | Killed a troll
  8538 | D:7      | Reached skill level 5 in Dodging
  8634 | D:8      | Reached skill level 5 in Fighting
  8809 | D:8      | Noticed a hornet
  8814 | D:8      | Killed a hornet
  8905 | D:8      | Found an iron altar of Okawaru.
  8912 | D:8      | Reached skill level 6 in Dodging
  8913 | D:8      | Reached skill level 6 in Fighting
  9130 | D:8      | Found Mumuinta's Jewellery Shop.
  9168 | D:8      | Found an opulent altar of Gozag.
  9196 | D:8      | Reached *** piety under Vehumet
  9323 | D:9      | Noticed a kobold demonologist
  9323 | D:9      | Reached skill level 7 in Fighting
  9327 | D:9      | Noticed a rust devil
  9328 | D:9      | Reached skill level 7 in Dodging
  9328 | D:9      | Reached XP level 10. HP: 79/79 MP: 11/19
  9356 | D:9      | Killed a kobold demonologist
  9356 | D:9      | Reached skill level 8 in Fighting
  9623 | D:9      | Offered knowledge of Sticky Flame by Vehumet.
  9625 | D:9      | Reached skill level 8 in Dodging
  9655 | D:9      | Found a runed translucent door.
  9655 | D:9      | Noticed Zorot's ghost (novice OpVM)
  9679 | D:9      | Killed Zorot's ghost
  9766 | D:9      | Reached skill level 9 in Fighting
  9884 | D:9      | Learned a level 4 spell: Sticky Flame
  9940 | D:9      | Reached skill level 9 in Dodging
  9995 | D:9      | Found a staircase to the Orcish Mines.
  9996 | D:9      | Noticed Joseph
 10006 | D:9      | Reached **** piety under Vehumet
 10029 | D:9      | Reached skill level 3 in Conjurations
 10075 | D:9      | Killed Joseph
 10105 | D:9      | Offered knowledge of Airstrike by Vehumet.
 10452 | D:10     | Entered Level 10 of the Dungeon
 10525 | D:10     | Noticed a two-headed ogre
 10526 | D:10     | Reached XP level 11. HP: 90/90 MP: 17/21
 10532 | D:10     | Reached skill level 7 in Spellcasting
 10535 | D:10     | Killed a two-headed ogre
 10535 | D:10     | Reached skill level 4 in Conjurations
 10548 | D:10     | Reached skill level 10 in Fighting
 10627 | D:10     | Found Tyocw's Food Emporium.
 10630 | D:10     | Noticed a two-headed ogre
 10639 | D:10     | Killed a two-headed ogre
 10639 | D:10     | Reached skill level 11 in Ice Magic
 11093 | D:10     | HP: 8/91 [wyvern (10)]
 11148 | D:10     | Reached skill level 5 in Conjurations
 11211 | D:10     | Found a staircase to the Lair.
 11329 | D:10     | Noticed a two-headed ogre
 11340 | D:10     | Killed a two-headed ogre
 11340 | D:10     | Reached skill level 10 in Dodging
 11709 | D:8      | Bought an uncursed amulet of faith for 480 gold pieces
 11808 | D:4      | Killed kae's ghost
 11845 | D:4      | Reached ***** piety under Vehumet
 12140 | D:11     | Reached skill level 8 in Spellcasting
 12145 | D:11     | Offered knowledge of Lightning Bolt by Vehumet.
 12340 | D:11     | Found a gate leading to a gauntlet.
 12366 | Gauntlet | Entered a Gauntlet
 12366 | Gauntlet | Found a transporter.
 12366 | Gauntlet | Found a transporter.
 12366 | Gauntlet | Found a transporter.
 12366 | Gauntlet | Found a transporter.
 12366 | Gauntlet | Noticed a necromancer
 12515 | Gauntlet | Found a transporter.
 12518 | Gauntlet | Found a transporter.
 12523 | Gauntlet | Found a transporter.
 12526 | Gauntlet | Found a transporter.
 12538 | Gauntlet | Found a transporter.
 12552 | Gauntlet | Found a transporter.
 12555 | Gauntlet | Noticed a reaper
 12569 | Gauntlet | Found a transporter.
 12572 | Gauntlet | Found a transporter.
 12573 | Gauntlet | Noticed a wizard
 12747 | Gauntlet | Reached skill level 6 in Conjurations
 12750 | Gauntlet | Reached skill level 11 in Fighting
 12750 | Gauntlet | Reached XP level 12. HP: 100/100 MP: 20/24
 12766 | Gauntlet | Got a heavily runed hat
 12777 | Gauntlet | Identified the +0 hat of Geqedghe {rElec rPois Int+5 Dex-2}
                  | (You found it in a Gauntlet)
 12826 | Gauntlet | Reached skill level 12 in Ice Magic
 12854 | Gauntlet | Reached skill level 11 in Dodging
 12913 | Gauntlet | Got an ichor-stained helmet
 12924 | Gauntlet | Identified the cursed +0 helmet of the Greedy {-Cast rPois
                  | rF+ Int+7} (You found it in a Gauntlet)
 12969 | Gauntlet | Identified the +6 hand crossbow "Deykkiywn" {elec, rC++
                  | Int+4 Dex+3}
 12969 | Gauntlet | Noticed a minotaur
 12975 | Gauntlet | Hit by a javelin thrown by a minotaur

Vanquished Creatures
  A two-headed ogre (D:10)
  The ghost of Zorot the Tainter, a novice OpVM of Vehumet (D:9)
  Joseph (D:9)
  A centaur zombie (D:11)
  A torpor snail (Gauntlet)
  A kobold demonologist (D:9)
  A hornet (D:8)
  A troll (D:9)
  3 hippogriffs
  13 flying skulls (Gauntlet)
  The ghost of kae the Conjurer, an amateur TeAE (D:4)
  4 wyverns (D:10)
  4 yaks (D:10)
  A basilisk (D:10)
  2 humans (D:8)
  A steam dragon (D:10)
  A chaos spawn (Gauntlet)
  A water moccasin (D:10)
  An ice beast (D:5)
  7 orc warriors
  An eye of draining (D:10)
  A black bear (D:10)
  7 ogres
  2 phantoms
  A necrophage (D:10)
  4 wolves (Gauntlet)
  5 centaurs
  A crocodile (D:10)
  3 big kobolds
  4 bullfrogs (D:7)
  2 wyvern zombies
  A scorpion (D:10)
  A wyvern skeleton (D:9)
  7 wights
  9 killer bees
  4 howler monkeys
  A crimson imp (D:10)
  A bullfrog zombie (D:6)
  3 orc priests
  6 hounds
  A gnoll shaman (D:4)
  3 centaur skeletons
  4 jellies
  8 orc wizards
  An iguana (D:10)
  Terence (D:2)
  5 worker ants
  A hound zombie (D:7)
  2 hound skeletons (D:5)
  Robin (D:3)
  18 gnolls
  19 adders
  5 river rats
  2 shadow imps
  2 oozes
  An adder skeleton (D:9)
  6 worms
  A dart slug (D:3)
  36 orcs
  6 bats
  14 giant cockroaches
  17 goblins
  9 hobgoblins
  4 jackals (D:5)
  31 kobolds
  3 quokkas
  7 ball pythons
  6 frilled lizards
  A leopard gecko skeleton (D:8)
  31 rats
357 creatures vanquished.

Vanquished Creatures (collateral kills)
  2 two-headed ogres (D:10)
  A troll (D:7)
  A vampire (D:9)
  A yak (D:10)
  2 hungry ghosts
  A neqoxec (Gauntlet)
  An ice beast (D:7)
  A necrophage (D:9)
  An ogre (D:9)
  2 wights (D:7)
  A crimson imp (D:10)
  An orc priest (D:11)
  An iguana (D:5)
  4 gnolls
  A shadow imp (D:11)
  An orc (D:11)
22 creatures vanquished.

Vanquished Creatures (others)
  6 plants (D:4)
  7 withered plants (Gauntlet)
13 creatures vanquished.

Grand Total: 392 creatures vanquished
